 Dungeon Crawl Stone Soup version 0.29-a0-323-g050149af67 (console) character file.

Game seed: 16697208925406966074

47 Gambler the Skirmisher (level 3, 29/29 HPs)
             Began as a Human Fighter on Apr 10, 2022.
             Quit the game on level 2 of the Dungeon on Apr 11, 2022.
             The game lasted 00:24:46 (1383 turns).

Gambler the Skirmisher (Human Fighter)              Turns: 1383, Time: 00:24:46

Health: 29/29      AC:  9    Str: 18    XL:     3   Next: 97%
Magic:  3/3        EV:  7    Int:  8    God:
Gold:   86         SH:  6    Dex: 12    Spells: 2/2 levels left

rFire   . . .      SeeInvis .   a - +0 long sword
rCold   . . .      Faith    .   v - +2 buckler
rNeg    . . .      Spirit   .   o - +0 chain mail
rPois   .          Reflect  .   (no helmet)
rElec   .          Harm     .   (no cloak)
rCorr   .          Rampage  .   (no gloves)
Will    .....                   (no boots)
Stlth   ..........              (no amulet)
HPRegen 0.09/turn               (no ring)
MPRegen 0.08/turn               (no ring)

@: no status effects
A: no striking features
a: no special abilities


You were on level 2 of the Dungeon.
You visited 1 branch of the dungeon, and saw 3 of its levels.

You collected 86 gold pieces.

Inventory:

Hand Weapons
 a - a +0 long sword (weapon)
 f - a +0 spear
 j - a +0 dagger
 k - a +0 dagger
 n - a +0 short sword
 p - a +0 dagger
 s - a +0 rapier
 x - a +0 dagger
Armour
 b - a +0 scale mail
 c - a +0 buckler
 g - a +0 robe
 h - a +0 robe
 i - a +0 scale mail
 m - a +0 ring mail
 o - a +0 chain mail (worn)
 u - a +0 leather armour
 v - a +2 buckler (worn)
Jewellery
 q - an amulet of magic regeneration
Scrolls
 r - a scroll of vulnerability {unknown}
 w - a scroll of identify {unknown}
Potions
 d - a potion of might
 e - a potion of heal wounds {unknown}
 l - 3 potions of invisibility {unknown}
 t - a potion of resistance {unknown}


   Skills:
 + Level 3.4 Fighting
 + Level 2.7 Long Blades
 + Level 3.3 Armour
 + Level 0.5 Dodging
 * Level 3.2 Shields


You had 2 spell levels left.
You didn't know any spells.
Your spell library was empty.

Dungeon Overview and Level Annotations

Branches:
Dungeon (3/15)

Altars:


Message History

The hobgoblin shouts!
A rat comes into view.
The rat twitches its whiskers.
A giant cockroach comes into view.
Found a stone staircase leading down.
The hobgoblin hits you but does no damage.
You barely miss the hobgoblin. You block the hobgoblin's attack. x2
You closely miss the hobgoblin. The rat closely misses you.
The hobgoblin hits you. The rat attacks as you move away!
The rat barely misses you.
You hit the rat.
The rat is severely wounded.
The rat bites you but does no damage.
You hit the rat.
You kill the rat!
The giant cockroach bites you but does no damage.
You hit the giant cockroach but do no damage.
The giant cockroach closely misses you. You block the giant cockroach's attack.
You barely miss the giant cockroach. You block the giant cockroach's attack.
You hit the giant cockroach.
The giant cockroach is heavily wounded.
The giant cockroach bites you but does no damage.
The giant cockroach closely misses you.
You hit the giant cockroach.
You kill the giant cockroach!
You hit the hobgoblin.
The hobgoblin is severely wounded.
The hobgoblin hits you.
You hit the hobgoblin.
You kill the hobgoblin!
Things that are here:
a hobgoblin corpse; a giant cockroach corpse
There are no objects that can be picked up here. a hobgoblin corpse; a giant cockroach corpse Unknown command.
Unknown command.
Saving game... please wait.
Welcome back, Gambler the Human Fighter.
Press ? for a list of commands and other information.
Are you sure you want to abandon this character and quit the game? (Confirm with "yes".)

###.#####.##.##.# #.
> #.##.....#.##.# ...
..# #.##.###.#.##.#
...... #....#
#.#.##.#
#.##.#####>###......#
#.......##.†...#.####
... #.####.###.#
#.##..........#####
#.@.....######.....
.......##.#### #.####
###.### #.# #.# # #
..# ##.## # #...
#...### #.(.
#..###..# #...# #.#
##.. #...# .... #.#
..... ..#. ##.#


There were no monsters in sight!

Vanquished Creatures
  2 ball pythons
  4 endoplasms
  4 giant cockroaches
  7 goblins
  6 hobgoblins
  4 kobolds
  A quokka (D:1)
  4 bats
  2 frilled lizards (D:1)
  5 rats
39 creatures vanquished.

Notes
Turn   | Place    | Note
-------+----------+-------------------------------------------
     0 | D:1      | Gambler the Human Fighter began the quest for the Orb.
     0 | D:1      | Reached XP level 1. HP: 18/18 MP: 1/1
   277 | D:1      | Reached XP level 2. HP: 20/24 MP: 2/2
   514 | D:1      | Reached XP level 3. HP: 24/29 MP: 3/3
  1310 | D:2      | note1
  1383 | D:2      | Quit the game

Illustrated notes

.....#.##.# .###.#.##.# .#
#.#.##.# >###......# ########
.†...#.#### #......# ##.###.#
#.####.#
.......###############.####.#
.######...................#.# #
#.####.#.#@.####.##.#.## #.#
#.#.#..# #.##....# ##.## #.#....#
#....†..# #...###.###.##
#######.# #..###..#.###)# #.# #.#
##.......#### #.# ....
#.##.#...<.########.#### ..#.
##.##.#.....#...........#
......###...........#.###.#..##.#


Turn 1310 on D:2: note1

Levels and vault maps discovered:
D:1:      lemuel_arrival_broad_hall, layout_loops_ring
D:2:      layout_loops_cross
D:3:      layout_loops_ring, serial_shops, shop_scrolls, uniq_natasha

Action                   || total
-------------------------++-------
Melee: Long sword        ||   122
Armor: Scale mail        ||    43
       Chain mail        ||    22
Dodge: Dodged            ||    44
Block: Buckler           ||    22

Table legend: (Time is in decaauts)
 A = Elapsed time spent in this place.
 B = Non-inter-level travel time spent in this place.
 C = Inter-level travel time spent in this place.
 D = Time resting spent in this place.
 E = Time spent auto-exploring this place.
 F = Levels seen in this place.
 G = Mean time per level.
                   A        B        C        D        E       F      G
               +--------+--------+--------+--------+--------+-----+--------+
         Total |   1421 |   1362 |     59 |      0 |    444 |   3 |  473.7 |
       Dungeon |   1421 |   1362 |     59 |      0 |    444 |   3 |  473.7 |
               +--------+--------+--------+--------+--------+-----+--------+

Top non-repeatable levels by time:
     D:1: 1112 daAuts
     D:2: 300 daAuts
     D:3: 7 daAuts
